 Dungeon Sprint DCSS version 0.29-a0-322-g68df515428 (webtiles) character file.

Game seed: 6543547644482430864

91276 mhtbhm the Axe Maniac (level 15, -12/261 HPs)
             Began as a Minotaur Berserker on Apr 9, 2022.
             Was the Champion of Trog.
             Killed from afar by an orb of fire (26 damage)
             ... with a bolt of fire
             ... in the Dungeon (Sprint VII: "The Pits").
             The game lasted 00:15:20 (6644 turns).

mhtbhm the Axe Maniac (Minotaur Berserker)          Turns: 6644, Time: 00:15:21

Health: -12/261    AC: 40    Str: 37    XL:     15   Next: 54%
Magic:  4/4        EV: 18    Int:  4    God:    Trog [******]
Gold:   45         SH:  0    Dex: 15    Spells: 14/14 levels left

rFire   . . .      SeeInvis .   E - +7 battleaxe "Toudiude" {antimagic, rElec Dex+5}
rCold   + . .      Faith    .   (shield currently unavailable)
rNeg    . . .      Spirit   .   b - +9 plate armour of the Thieving Gods {Fly rC+ Str+5}
rPois   .          Reflect  .   (helmet restricted)
rElec   +          Harm     .   G - +1 cloak
rCorr   .          Rampage  +   H - +1 pair of gloves
Will    +....      NoTele   +   C - +2 pair of boots {rampage}
Stlth   ..........              (no amulet)
HPRegen 0.53/turn               l - +3 ring of evasion
MPRegen 0.09/turn               m - +3 ring of strength

@: berserking (expiring), flying, silenced, very quick
A: horns 2, retaliatory headbutt
a: Renounce Religion


You were in the Dungeon.
You worshipped Trog.
Trog was exalted by your worship.
You visited 1 branch You collected 45 gold pieces.

Inventory:

Hand Weapons
 a - a +2 executioner's axe of flaming
 e - the +6 broad axe "Qallixuq" {vorpal, Will+ Int-2 Stlth+}
   (Trog gifted it to you in the Dungeon)

   It inflicts extra damage upon your enemies.
   Int:       It affects your intelligence (-2).
   Will:      It increases your willpower.
   Stlth:     It makes you more stealthy.
 n - a +6 executioner's axe
 o - the +10 arbalest of Exquisite Torment {penet, rC+}
   (You found it in the Dungeon)

   Any ammunition fired by it passes through the targets it hits, potentially
   hitting all targets in its path until it reaches maximum range.
   rC:        It protects you from cold.
 r - a +2 vorpal broad axe
 E - the +7 battleaxe "Toudiude" (weapon) {antimagic, rElec Dex+5}
   (Trog gifted it to you in the Dungeon)

   It reduces the magical energy of the wielder, and disrupts the spells and
   magical abilities of those it strikes.
   Natural abilities and divine invocations are not affected.
   Dex:       It affects your dexterity (+5).
   rElec:     It insulates you from electricity.
 I - the +11 battleaxe of the Spider Nest {vorpal, SInv}
   (Trog gifted it to you in the Dungeon)

   It inflicts extra damage upon your enemies.
   SInv:      It lets you see invisible.
Missiles
 h - 2 throwing nets
 k - 7 poisoned darts (quivered)
Armour
 b - the +9 plate armour of the Thieving Gods (worn) {Fly rC+ Str+5}
   (You found it in the Dungeon)

   Str:       It affects your strength (+5).
   rC:        It protects you from cold.
   Fly:       It grants you flight.
 C - a +2 pair of boots of rampaging (worn)
 F - +6 storm dragon scales
 G - a +1 cloak (worn)
 H - a +1 pair of gloves (worn)
Jewellery
 l - a +3 ring of evasion (left hand)
 m - a +3 ring of strength (right hand)
 s - a ring of poison resistance
 z - a ring of willpower
 A - a ring of ice
Scrolls
 j - a scroll of summoning
 t - 3 scrolls of immolation
 v - a scroll of blinking
 w - 2 scrolls of fear
 x - 4 scrolls of enchant weapon
 y - 4 scrolls of enchant armour
Potions
 c - 11 potions of curing
 d - 15 potions of heal wounds
 f - 4 potions of magic
 g - 3 potions of berserk rage
 i - a potion of invisibility
 p - a potion of mutation
 q - a potion of ambrosia {unknown}
 u - a potion of lignification
 J - a potion of cancellation {unknown}
Miscellaneous
 B - a tin of tremorstones (2/2)
 D - a phantom mirror


   Skills:
 O Level 27 Fighting
 O Level 27 Axes
 + Level 25.3 Armour
 + Level 11.6 Dodging
 + Level 22.0 Stealth
 + Level 2.6 Evocations


You had 14 spell levels left.
You didn't know any spells.
Your spell library was empty.

Dungeon Overview and Level Annotations

Branches:
Dungeon (1/1)

Altars:
Gozag
Hepliaklqana
Sif Muna
Trog
Jiyva


Innate Abilities, Weirdness & Mutations

You have a pair of horns on your head.
You reflexively headbutt those who attack you in melee.


Message History

Lukhoa completely resists.
You slice Lukhoa!!
Lukhoa's magic leaks into the air.
Your headbutt misses Lukhoa.
Lukhoa is severely wounded.
Lukhoa falters for a moment.
You completely miss Lukhoa.
Lukhoa is severely wounded.
You slice the orb of fire!!
The orb of fire's magic leaks into the air.
You miss Lukhoa. Your headbutt misses Lukhoa.
Lukhoa is severely wounded.
You hit the orb of fire.
The orb of fire's magic leaks into the air.
The orb of fire emits a lurid red light.
The fireball explodes!
The fireball engulfs you!!!
* * * LOW HITPOINT WARNING * * *
The fireball engulfs Lukhoa.
Lukhoa completely resists.
The fireball engulfs the orb of fire.
The orb of fire completely resists.
Lukhoa hits you but does no damage.
Unknown command.
Press: ? - help, v - describe, . - travel, g - get item
Here: Lukhoa, armed with a distorting touch (silenced, severely wounded, radiating silence, unaffected by silence, magic disrupted)
Items here: +0 gold dragon scales; a golden dragon corpse.
An open door, spattered with blood.
Unknown command.
You completely miss the orb of fire. You headbutt the orb of fire.
The orb of fire is lightly damaged.
You completely miss Lukhoa.
The orb of fire glows red.
The fireball explodes!
The fireball engulfs you!!!
* * * LOW HITPOINT WARNING * * *
The fireball engulfs Lukhoa.
Lukhoa completely resists.
The fireball engulfs the orb of fire.
The orb of fire completely resists.
You barely miss the orb of fire.
You headbutt the orb of fire, but do no damage.
The orb of fire is lightly damaged.
You miss Lukhoa.
Lukhoa falters for a moment.
The orb of fire glows bright magenta.
The bolt of fire hits you!!
You die...

# ### ####### ##
###[####'#'..##.###
+.##'##)#.##..'##.#
#&##.#####'#..#'###
#@##'##.#.##..##.#
##*#..'####'#..)#
#§#)##.#.#.###.)##
####○☼###'##)##..#
#.##○○'.###'#..#
+#..#####.##..##
+## #.##'))##
###'#..'##
#)##..##.##


You could see Lukhoa (silencing, unsilenced, magic disrupted) and an orb of fire
(unsilenced, magic disrupted).

Vanquished Creatures
  the Royal Jelly (D)
  2 ancient liches (D)
  Mara (D)
  Frederick (D)
  6 pandemonium lords (D)
  A curse toe (D)
  A golden dragon (D)
  Jory (D)
  A bone dragon (D)
  An electric golem (D)
  A lich (D)
  2 deep elf master archers (D)
  2 acid blobs (D)
  A titan (D)
  A deep elf blademaster (D)
  Murray (D)
  An Executioner (D)
  2 storm dragons (D)
  A draconian monk (D)
  A daeva (D)
  An emperor scorpion (D)
  2 orc warlords (D)
  4 azure jellies (D)
  A balrug (D)
  A ghost moth (D)
  A reaper (D)
  A quicksilver ooze (D)
  Azrael (D)
  A white draconian (D)
  A purple draconian (D)
  A deep elf annihilator (D)
  An eidolon (D)
  An ettin (D)
  3 vault guards (D)
  A yaktaur captain (D)
  Harold (D)
  2 naga warriors (D)
  A catoblepas (D)
  2 anacondas (D)
  A two-headed ogre (D)
  A death yak (D)
  An orc high priest (D)
  2 deep elf knights (D)
  A shadow wraith (D)
  An iron troll (D)
  A deep troll (D)
  A fire crab (D)
  A sea snake (D)
  A cherub (D)
  A deep troll (shapeshifter) (D)
  A swamp dragon (D)
  11 orc knights (D)
  A wizard (D)
  A deep elf pyromancer (D)
  2 orc sorcerers (D)
  A black mamba (D)
  An elephant (D)
  A komodo dragon (D)
  A kobold demonologist (D)
  2 yaktaurs (D)
  An efreet (D)
  A hellwing (D)
  2 tormentors (D)
  A red devil (D)
  2 merfolk (D)
  2 polar bears (D)
  A wind drake (D)
  Prince Ribbit (D)
  A tyrant leech (D)
  A jumping spider (D)
  A water elemental (D)
  A vampire (D)
  2 spriggans (D)
  A wraith (D)
  2 fire elementals (D)
  Grum (D)
  3 redbacks (D)
  A chaos spawn (D)
  3 hell hounds (D)
  Duvessa (D)
  A floating eye (D)
  A small abomination (D)
  Pargi (D)
  2 orc warriors (D)
  4 wolves (D)
  A centaur (D)
  A kobold brigand (D)
  A bullfrog (D)
  Dowan (D)
  2 iguanas (D)
  2 orc priests (D)
  An orc wizard (D)
  A white imp (D)
  An ufetubus (D)
  An adder skeleton (D)
  A worm (D)
  6 orcs (D)
  A bat zombie (D)
  2 endoplasms (D)
  3 giant cockroaches (D)
  A goblin (D)
  3 jackals (D)
  A quokka (D)
  A ball python skeleton (D)
  A bat (D)
  A frilled lizard (D)
  4 rats (D)
  A ball lightning (D)
166 creatures vanquished.

Vanquished Creatures (collateral kills)
  An Ice Fiend (D)
  An orc sorcerer (D)
  A merfolk (D)
  A ynoxinul (D)
  A floating eye (D)
  An orc warrior (D)
  An earth elemental (D)
  A gnoll (D)
  4 orcs (D)
12 creatures vanquished.

Vanquished Creatures (others)
  A merfolk aquamancer (D)
  An orc (D)
  A bat skeleton (D)
  2 ball lightnings (D)
5 creatures vanquished.

Grand Total: 183 creatures vanquished

Notes
Turn   | Place    | Note
-------+----------+-------------------------------------------
     0 | D        | mhtbhm the Minotaur Berserker began the quest for the Orb.
     0 | D        | Reached XP level 1. HP: 19/19 MP: 0/0
    82 | D        | Reached ** piety under Trog
   115 | D        | Noticed a kobold brigand
   117 | D        | Reached *** piety under Trog
   118 | D        | Reached skill level 5 in Axes
   118 | D        | Reached XP level 2. HP: 27/28 MP: 1/1
   124 | D        | Killed a kobold brigand
   125 | D        | Reached XP level 3. HP: 38/38 MP: 2/2
   125 | D        | Reached XP level 4. HP: 45/45 MP: 3/3
   225 | D        | Found a bloodstained altar of Trog.
   225 | D        | Found a shimmering blue altar of Sif Muna.
   225 | D        | Found a viscous altar of Jiyva.
   225 | D        | Found a hazy altar of Hepliaklqana.
   225 | D        | Found an opulent altar of Gozag.
   248 | D        | Noticed a wolf
   251 | D        | Reached **** piety under Trog
   255 | D        | Killed a wolf
   256 | D        | Reached skill level 10 in Axes
   256 | D        | Reached skill level 5 in Dodging
   256 | D        | Reached XP level 5. HP: 56/56 MP: 4/4
   257 | D        | Reached ***** piety under Trog
   355 | D        | Received a gift from Trog
   367 | D        | Reached XP level 6. HP: 62/63 MP: 5/5
   374 | D        | Reached skill level 10 in Fighting
   384 | D        | Noticed Duvessa
   384 | D        | Noticed Dowan
   384 | D        | Noticed a polar bear
   384 | D        | Noticed a chaos spawn
   395 | D        | Killed Duvessa
   398 | D        | Killed Dowan
   399 | D        | Reached XP level 7. HP: 73/73 MP: 6/6
   406 | D        | Killed a chaos spawn
   406 | D        | Received a gift from Trog
   407 | D        | Reached skill level 5 in Armour
   410 | D        | Killed a polar bear
   583 | D        | Noticed a fire crab
   593 | D        | Killed a fire crab
   594 | D        | Reached skill level 15 in Axes
   594 | D        | Reached XP level 8. HP: 32/85 MP: 7/7
   859 | D        | Noticed a deep troll
   861 | D        | Noticed Grum
   866 | D        | Killed a deep troll
   867 | D        | Reached XP level 9. HP: 35/93 MP: 8/8
   869 | D        | Received a gift from Trog
   870 | D        | Reached skill level 1 in Stealth
   870 | D        | Killed Grum
  1160 | D        | Noticed a tyrant leech
  1160 | D        | Noticed a black mamba
  1160 | D        | Noticed a deep elf pyromancer
  1168 | D        | Killed a black mamba
  1172 | D        | Killed a tyrant leech
  1179 | D        | Killed a deep elf pyromancer
  1179 | D        | Reached ****** piety under Trog
  1179 | D        | Received a gift from Trog
  1387 | D        | Noticed an efreet
  1391 | D        | Noticed a two-headed ogre
  1393 | D        | Killed a two-headed ogre
  1394 | D        | Reached skill level 10 in Armour
  1394 | D        | Reached XP level 10. HP: 103/104 MP: 9/9
  1399 | D        | Reached skill level 15 in Fighting
  1548 | D        | Noticed Pargi
  1551 | D        | Received a gift from Trog
  1554 | D        | Killed Pargi
  1679 | D        | Noticed an elephant
  1679 | D        | Noticed a death yak
  1682 | D        | Killed an elephant
  1682 | D        | Received a gift from Trog
  1687 | D        | Killed a death yak
  1721 | D        | Noticed an eidolon
  1722 | D        | Noticed a sea snake
  1731 | D        | Killed a sea snake
  1736 | D        | Killed an eidolon
  1737 | D        | Reached XP level 11. HP: 22/116 MP: 10/10
  2068 | D        | Noticed Harold
  2068 | D        | Noticed Prince Ribbit
  2068 | D        | Noticed an emperor scorpion
  2068 | D        | Noticed an orc sorcerer
  2070 | D        | Noticed an orc high priest
  2072 | D        | Noticed an orc sorcerer
  2075 | D        | Noticed a catoblepas
  2083 | D        | Killed an emperor scorpion
  2087 | D        | Killed Harold
  2087 | D        | Received a gift from Trog
  2090 | D        | Killed Prince Ribbit
  2097 | D        | Killed an orc sorcerer
  2102 | D        | Killed a catoblepas
  2103 | D        | Noticed a sun demon
  2112 | D        | Killed an orc high priest
  2112 | D        | Received a gift from Trog
  2112 | D        | Paralysed by a floating eye for 4 turns
  2113 | D        | Reached skill level 15 in Armour
  2123 | D        | Killed an orc sorcerer
  2123 | D        | Paralysed by a floating eye for 2 turns
  2126 | D        | Received a gift from Trog
  2612 | D        | Noticed an anaconda
  2612 | D        | Noticed Azrael
  2612 | D        | Noticed an iron troll
  2612 | D        | Noticed a swamp dragon
  2614 | D        | Killed an anaconda
  2619 | D        | Killed an iron troll
  2620 | D        | Killed Azrael
  2620 | D        | Killed a swamp dragon
  2620 | D        | Received a gift from Trog
  2647 | D        | Got the +10 arbalest of Exquisite Torment {penet, rC+}
  2779 | D        | Noticed a white draconian
  2779 | D        | Noticed an orc sorcerer
  2787 | D        | Killed a white draconian
  2788 | D        | Reached XP level 12. HP: 121/132 MP: 11/11
  2788 | D        | Paralysed by an orc sorcerer for 2 turns
  2792 | D        | Received a gift from Trog
  2911 | D        | Noticed an anaconda
  2920 | D        | Identified the +7 battleaxe "Toudiude" {antimagic, rElec
                  | Dex+5} (Trog gifted it to you in the Dungeon)
  2920 | D        | Received a gift from Trog
  2928 | D        | Killed an anaconda
  3117 | D        | Noticed an electric golem
  3127 | D        | Killed an electric golem
  3357 | D        | Noticed Hedal the pandemonium lord
  3371 | D        | Killed Hedal the pandemonium lord
  3416 | D        | Noticed the Royal Jelly
  3418 | D        | Noticed an azure jelly
  3420 | D        | Noticed an azure jelly
  3420 | D        | Noticed a quicksilver ooze
  3424 | D        | Killed the Royal Jelly
  3424 | D        | Noticed an azure jelly
  3425 | D        | Reached XP level 13. HP: 137/146 MP: 4/12
  3427 | D        | Killed an azure jelly
  3432 | D        | Killed an azure jelly
  3433 | D        | Killed a quicksilver ooze
  3435 | D        | Killed an azure jelly
  3801 | D        | Noticed Ihopn the pandemonium lord
  3812 | D        | Killed Ihopn the pandemonium lord
  3813 | D        | Reached skill level 10 in Dodging
  3904 | D        | Killed a ghost moth
  3942 | D        | Noticed a reaper
  3942 | D        | Noticed a deep elf annihilator
  3942 | D        | Noticed an orb of fire
  3942 | D        | Noticed a storm dragon
  3942 | D        | Noticed a balrug
  3942 | D        | Noticed an electric golem
  4013 | D        | Noticed an orc warlord
  4013 | D        | Noticed an orc warlord
  4019 | D        | Received a gift from Trog
  4021 | D        | Noticed an ettin
  4023 | D        | Killed an orc warlord
  4024 | D        | Reached skill level 27 in Axes
  4024 | D        | Reached skill level 5 in Stealth
  4024 | D        | Received a gift from Trog
  4030 | D        | Killed an orc warlord
  4031 | D        | Received a gift from Trog
  4039 | D        | Identified the +6 broad axe "Qallixuq" {vorpal, Will+ Int-2
                  | Stlth+} (Trog gifted it to you in the Dungeon)
  4039 | D        | Received a gift from Trog
  4043 | D        | Killed an ettin
  4044 | D        | Reached skill level 10 in Stealth
  4053 | D        | Received a gift from Trog
  4197 | D        | Killed a reaper
  4203 | D        | Killed a balrug
  4203 | D        | Received a gift from Trog
  4204 | D        | Reached XP level 14. HP: 46/160 MP: 4/13
  4206 | D        | Killed a storm dragon
  4580 | D        | Got the +9 plate armour of the Thieving Gods {Fly rC+
                  | Str+5}
  4841 | D        | Noticed an acid blob
  4845 | D        | Killed an acid blob
  4975 | D        | Noticed a bone dragon
  4985 | D        | Killed a bone dragon
  5052 | D        | Noticed a titan
  5058 | D        | Killed a titan
  5058 | D        | Identified the +11 battleaxe of the Spider Nest {vorpal,
                  | SInv} (Trog gifted it to you in the Dungeon)
  5058 | D        | Received a gift from Trog
  5064 | D        | Noticed Jory
  5074 | D        | Killed Jory
  5075 | D        | Reached skill level 15 in Stealth
  5137 | D        | Noticed a curse toe
  5144 | D        | Killed a curse toe
  5171 | D        | Noticed a green draconian monk
  5179 | D        | Killed a green draconian monk
  5179 | D        | Received a gift from Trog
  5180 | D        | Reached skill level 1 in Evocations
  5368 | D        | Noticed Frederick
  5377 | D        | Killed Frederick
  5428 | D        | Noticed a daeva
  5436 | D        | Killed a daeva
  5441 | D        | Noticed an ancient lich
  5447 | D        | Killed an ancient lich
  5448 | D        | Reached skill level 27 in Fighting
  5454 | D        | Noticed Ymisch the pandemonium lord
  5456 | D        | Paralysed by Ymisch for 4 turns
  5465 | D        | Noticed an Ice Fiend
  5468 | D        | Killed Ymisch the pandemonium lord
  5468 | D        | Received a gift from Trog
  5472 | D        | Killed an Ice Fiend
  5666 | D        | Noticed a deep elf blademaster
  5667 | D        | Killed a deep elf blademaster
  5687 | D        | Noticed Murray
  5699 | D        | Killed Murray
  5829 | D        | Noticed Mara
  5832 | D        | Noticed mhtbhm's illusion
  5837 | D        | Killed Mara
  6028 | D        | Noticed an acid blob
  6030 | D        | Killed an acid blob
  6114 | D        | Noticed a deep elf master archer
  6116 | D        | Killed a deep elf master archer
  6116 | D        | Received a gift from Trog
  6117 | D        | Reached XP level 15. HP: 174/174 MP: 4/14
  6121 | D        | Noticed an Executioner
  6126 | D        | Killed an Executioner
  6156 | D        | Noticed an azure jelly
  6157 | D        | Killed an azure jelly
  6175 | D        | Noticed Xopogo the pandemonium lord
  6209 | D        | Killed Xopogo the pandemonium lord
  6359 | D        | Noticed a lich
  6368 | D        | Killed a lich
  6369 | D        | Noticed Sysode the pandemonium lord
  6369 | D        | Noticed a deep elf master archer
  6381 | D        | Killed a deep elf master archer
  6391 | D        | Killed Sysode the pandemonium lord
  6595 | D        | Noticed an ancient lich
  6602 | D        | Killed an ancient lich
  6604 | D        | Noticed a storm dragon
  6609 | D        | Killed a storm dragon
  6616 | D        | Noticed Sayduaf the pandemonium lord
  6622 | D        | Noticed Lukhoa the pandemonium lord
  6623 | D        | Noticed a golden dragon
  6625 | D        | Killed Sayduaf the pandemonium lord
  6625 | D        | Received a gift from Trog
  6634 | D        | Killed a golden dragon
  6635 | D        | Noticed an orb of fire
  6644 | D        | Killed from afar by an orb of fire

Illustrated notes

Levels and vault maps discovered:
D:        pitsprint [storerooms_1, entrance_room_1, metal_vault_3, armoury_1,
          mini_pit_1, grid_room_1, main_hall_1, silver_pit, the_coven_2,
          the_vestibule_1, steel_vault_5, golden_pit, hallway_of_sentries,
          crystal_vault_5, iron_vault_5, final_vault]

Skill      XL: |  1  2  3  4  5  6  7  8  9 10 11 12 13 14 15 |
---------------+----------------------------------------------+-----
Fighting       | 4 6 8 9 10 12 13 14 16 19 22 24 27 | 27.0
Axes           | 5 7 10 12 15 16 19 21 23 26 27 | 27.0
Dodging        | 3 4 5 6 7 8 9 10 11 | 11.6
Armour         | 3 4 6 7 10 13 16 18 19 22 25 | 25.3
Stealth        | 1 2 3 12 19 22 | 22.0
Evocations     | 2 |  2.6

Action                   |  1- 3 |  4- 6 |  7- 9 | 10-12 | 13-15 || total
-------------------------+-------+-------+-------+-------+-------++-------
Melee: Hand axe          |    27 |    38 |    10 |       |       ||    75
       Headbutt          |       |     5 |     2 |    35 |    68 ||   110
       Battleaxe         |       |       |    32 |   118 |   264 ||   414
       Executioner's axe |       |       |       |    49 |       ||    49
Invok: Berserk           |     1 |     2 |     3 |     6 |    11 ||    23
       Brothers in Arms  |       |       |       |     1 |     5 ||     6
       Trog's Hand       |       |       |       |       |     1 ||     1
Evoke: Tin of tremorston |       |       |       |       |     1 ||     1
  Use: Potion            |       |       |     1 |     6 |     3 ||    10
       Scroll            |       |       |       |     1 |     1 ||     2
 Stab: Invisible         |       |       |       |       |    27 ||    27
       Sleeping          |       |       |       |       |     5 ||     5
Armor: Animal skin       |     7 |       |       |       |       ||     7
       Chain mail        |       |     9 |    15 |    92 |    29 ||   145
       Plate armour      |       |       |       |       |    90 ||    90
Dodge: Dodged            |    30 |    13 |    28 |   101 |    96 ||   268

Table legend: (Time is in decaauts)
 A = Elapsed time spent in this place.
 B = Non-inter-level travel time spent in this place.
 C = Inter-level travel time spent in this place.
 D = Time resting spent in this place.
 E = Time spent auto-exploring this place.
 F = Levels seen in this place.
 G = Mean time per level.
                   A        B        C        D        E       F      G
               +--------+--------+--------+--------+--------+-----+--------+
         Total |   6664 |   6664 |      0 |   4807 |     31 |   1 | 6664.0 |
       Dungeon |   6664 |   6664 |      0 |   4807 |     31 |   1 | 6664.0 |
               +--------+--------+--------+--------+--------+-----+--------+

Top non-repeatable levels by time:
       D: 6664 daAuts
